 Dungeon Crawl Stone Soup version 0.26.1-11-gd32895ea62 (webtiles) character file.

Game seed: 2205415234622667178

44 Zeld the Insei (level 3, -1/23 HPs)
             Began as an Octopode Transmuter on June 4, 2021.
             Slain by a gnoll
             ... wielding a +0 halberd
              (6 damage)
             ... on level 2 of the Dungeon.
             The game lasted 00:01:15 (1439 turns).

Zeld the Insei (Octopode Transmuter)                Turns: 1439, Time: 00:01:16

Health: -1/23      AC:  1    Str: 10    XL:     3   Next: 60%
Magic:  6/6        EV: 13    Int: 15    God:
Gold:   99         SH:  0    Dex: 12    Spells: 1/7 levels left

rFire    . . .     SeeInvis .     - Unarmed
rCold    . . .     Faith    .   (no shield)
rNeg     . . .     Spirit   .   (helmet currently unavailable)
rPois    .         Reflect  .   (no amulet)
rElec    .         Harm     .   (no ring)
rCorr    .         Rampage  .   (no ring)
Will     .....                  (no ring)
Stlth    ++........             (no ring)
HPRegen  0.07/turn              (no ring)
MPRegen  0.10/turn              (no ring)
                                (no ring)
                                (no ring)

@: appendages
A: almost no armour, stealthy swim, amphibious, 8 rings, constrict 8, tentacle
spike 3, camouflage 1, gelatinous body 1
a: End Transformation


You were on level 2 of the Dungeon.
One of your tentacles had a temporary spike.
You visited 1 branch of the dungeon, and saw 2 of its levels.

You collected 99 gold pieces.

Inventory:

Scrolls
 c - a scroll of identify {unknown}
 d - a scroll of amnesia {unknown}
 e - a scroll of teleportation {unknown}
 g - 4 scrolls of random uselessness {unknown}
Potions
 a - a potion of invisibility {unknown}
 b - a potion of haste {unknown}
 f - a potion of attraction {unknown}


   Skills:
 + Level 1.5 Fighting
 + Level 2.3 Dodging
 - Level 3.0 Unarmed Combat
 * Level 2.6 Spellcasting
 * Level 2.7 Transmutations


You had one spell level left.
You knew the following spells:

 Your Spells              Type           Power        Failure   Level
a - Beastly Appendage     Tmut           20%          7%          1
b - Wereblood             Tmut           10%          11%         2
c - Spider Form           Tmut/Pois      3%           34%         3

Your spell library contained the following spells:

 Spells                   Type           Power        Failure   Level
 Ice Form                 Ice/Tmut       6%           75%         4
 Blade Hands              Tmut           5%           88%         5


Dungeon Overview and Level Annotations

Branches:
Dungeon (2/15)

Altars:


Innate Abilities, Weirdness & Mutations

You cannot wear most types of armour.
You are very stealthy in the water. (Stealth+)
You are amphibious.
You can wear up to eight rings at the same time.
You can use your tentacles to constrict eight enemies at once.
Your skin changes colour to match your surroundings (Stealth+).
Your rubbery body absorbs attacks. (AC +1, EV +1)
One of your tentacles bears a large vicious spike.


Message History

A gnoll comes into view. It is wielding a +0 halberd.
The helpless dart slug fails to defend itself.
You tentacle-slap the dart slug.
The gnoll shouts!
You grab the dart slug.
You pierce the dart slug.
You kill the dart slug!
You hear a shout!
A gnoll is nearby!
The gnoll closely misses you.
You barely miss the gnoll. Your grab misses the gnoll.
You pierce the gnoll, but do no damage.
The gnoll hits you with a +0 halberd.
You tentacle-slap the gnoll but do no damage.
You grab the gnoll. You constrict the gnoll.
The gnoll hits you with a +0 halberd!
Ouch! That really hurt!
* * * LOW HITPOINT WARNING * * *
You are too injured to fight recklessly!
You release your grip on the gnoll.
The gnoll hits you from afar with a +0 halberd.
You die...

##############
...#.........#
#...>.......#
####.........#
....<........#
####.........###########.
##......###†.@.g......
##.###...#.########## #.#
###..)# #.##.....##
.....###... ..## ###.#
#.## .# . ##


You could see a gnoll.

Vanquished Creatures
  A gnoll (D:1)
  A dart slug (D:2)
  A leopard gecko (D:1)
  6 bats
  3 giant cockroaches (D:1)
  4 goblins (D:1)
  A hobgoblin (D:1)
  5 kobolds (D:1)
  2 ball pythons (D:1)
  2 frilled lizards (D:1)
  6 rats (D:1)
32 creatures vanquished.

Notes
Turn   | Place    | Note
-------+----------+-------------------------------------------
     0 | D:1      | Zeld the Octopode Transmuter began the quest for the Orb.
     0 | D:1      | Reached XP level 1. HP: 13/13 MP: 3/3
   216 | D:1      | Reached XP level 2. HP: 18/18 MP: 3/5
   223 | D:1      | Learned a level 2 spell: Wereblood
   922 | D:1      | Reached XP level 3. HP: 23/23 MP: 4/6
   930 | D:1      | Learned a level 3 spell: Spider Form
  1439 | D:2      | Slain by a gnoll

Illustrated notes

Levels and vault maps discovered:
D:1:      dpeg_arrival_another_circle, layout_loops_ring, minmay_octomino_j4
D:2:      layout_rooms, nicolae_ru_the_path_less_chosen

Action                   || total
-------------------------++-------
Melee: Unarmed           ||    75
       Constrict         ||    24
       Tentacles         ||    13
       Kick              ||     7
       Punch             ||     1
 Cast: Beastly Appendage ||    18
 Stab: Sleeping          ||     5
Armor: Skin              ||    10
Dodge: Dodged            ||    55
